Ducks vs Penguins

Created - January 8, 2017 at 11:18

Goals
1 2 3 T
Ducks 2 1 2 5
Penguins 2 0 1 3
Shots
1 2 3 T
Ducks 16 16 12 44
Penguins 9 8 9 26

1st period

1. Ducks , Blake Comeau 8 (Ryan OReilly, Boone Jenner) at 0:56
2. Penguins , Victor Hedman 6 (Ryan Getzlaf, Gabriel Landeskog) at 7:43 (PP)
3. Ducks , Claude Giroux 15 (Erik Johnson, Wayne Simmonds) at 10:10
4. Penguins , Brandon Saad 16 (Jakub Voracek, Alexander Wennberg) at 11:33

Penalties :
Erik Johnson (ANA) for Roughing (Minor) at 7:25, Luke Glendening (PIT) for Delaying the game (Minor) at 16:18

2nd period

5. Ducks , Mark Scheifele 15 (Aaron Ekblad, Brandon Dubinsky) at 14:57

Penalties :
David Savard (PIT) for Diving (Minor) at 7:00, David Perron (PIT) for Charging (Minor) at 9:20, Boone Jenner (ANA) for High sticking (Minor) at 16:45

3rd period

6. Ducks , Pascal Dupuis 2 (Mark Scheifele, Erik Johnson) at 14:10
7. Penguins , Victor Hedman 7 (Ryan Suter, Gabriel Landeskog) at 18:49 (PP)
8. Ducks , Ryan OReilly 15 (Brandon Dubinsky, Blake Comeau) at 19:29 (Empty Net)

Penalties :
Xavier Ouellet (PIT) for Cross-checking (Minor) at 6:39, Blake Comeau (ANA) for Hooking (Minor) at 15:06, Willie Mitchell (ANA) for Slashing (Minor) at 18:27, Wayne Simmonds (ANA) for Slashing (Minor) at 19:34

Goalie Stats

Semyon Varlamov (ANA), 23 saves from 26 shots - (0.885), W, 20-11-5, 60:00 minutes
Connor Hellebuyck (PIT), 39 saves from 43 shots - (0.907), L, 9-6-0, 59:32 minutes

Players Stats for Ducks

Player Name              G  A  P  +/- PIM S  H  SB GA TA FO     MP     PP MP  PK MP  
------------------------------------------------------------------------------------
Aaron Ekblad             0  1  1   2  0   3  0  1  0  0  0/0    20:37   4:05   0:00 
Andrei Markov            0  0  0   1  0   0  1  2  0  0  0/0    21:41   3:51   2:37 
Antoine Roussel          0  0  0   0  0   1  1  0  0  0  1/1    10:24   0:00   3:50 
Blake Comeau             1  1  2   2  2   3  1  0  0  0  2/2    14:25   0:00   0:43 
Bobby Ryan               0  0  0   0  0   5  0  0  0  0  1/4    18:02   4:02   0:00 
Boone Jenner             0  1  1   1  2   4  1  0  0  0  1/2    17:20   3:54   0:00 
Brandon Dubinsky         0  2  2   3  0   2  1  0  0  0  6/11   16:39   0:00   3:39 
Claude Giroux            1  0  1   0  0   6  0  0  0  0  13/29  18:02   4:02   0:00 
Colton Parayko           0  0  0   0  0   0  1  1  0  0  0/0    18:57   4:05   0:00 
Eric Nystrom             0  0  0   0  0   0  1  0  0  0  0/0     7:47   0:00   1:13 
Erik Johnson             0  2  2   2  2   2  1  3  0  0  0/0    21:56   3:51   2:37 
Mark Scheifele           1  1  2   2  0   2  0  0  0  0  11/23  15:49   3:05   0:00 
Mikhail Grigorenko       0  0  0   0  0   2  0  0  0  0  5/10    7:23   0:49   0:00 
Pascal Dupuis            1  0  1   2  0   2  0  0  0  0  0/1    13:25   0:00   0:41 
Ryan OReilly             1  1  2   2  0   5  0  0  0  0  12/27  17:37   3:54   0:00 
Travis Hamonic           0  0  0   3  0   1  1  1  0  0  0/0    19:22   0:00   2:26 
Wayne Simmonds           0  1  1   0  2   6  1  0  0  0  0/0    18:01   4:02   0:00 
Willie Mitchell          0  0  0   0  2   0  2  1  0  0  0/0    17:25   0:00   2:26 

Players Stats for Penguins

Player Name              G  A  P  +/- PIM S  H  SB GA TA FO     MP     PP MP  PK MP  
------------------------------------------------------------------------------------
Alexander Wennberg       0  1  1  -2  0   4  2  0  0  0  15/30  17:57   1:49   0:00 
Brandon Saad             1  0  1  -2  0   2  1  0  0  0  0/0    18:33   1:49   0:36 
David Perron             0  0  0  -1  2   2  1  0  0  0  0/1    10:52   0:00   0:00 
David Savard             0  0  0  -3  2   0  3  2  0  0  0/0    21:33   1:33   2:49 
Dmitry Kulikov           0  0  0  -1  0   0  2  0  0  0  0/0    17:09   0:00   4:36 
Gabriel Landeskog        0  2  2   0  0   6  2  0  0  0  3/5    20:49   3:14   2:29 
Jakub Voracek            0  1  1  -3  0   2  1  0  0  0  0/1    18:13   1:49   0:00 
Luke Glendening          0  0  0   0  2   2  3  0  0  0  15/24   8:05   0:00   3:28 
Matt Hunwick             0  0  0  -3  0   1  0  2  0  0  0/0    21:51   1:33   3:20 
Nathan MacKinnon         0  0  0  -1  0   0  0  0  0  0  3/7    19:59   3:14   1:23 
Oliver Bjorkstrand       0  0  0   0  0   1  0  0  0  0  0/0     4:38   0:00   0:00 
Pavel Zacha              0  0  0   0  0   0  0  0  0  0  0/1     5:14   0:00   0:36 
Ryan Callahan            0  0  0  -1  0   0  1  0  0  0  0/1    15:44   0:00   4:51 
Ryan Getzlaf             0  1  1  -1  0   1  4  0  0  0  14/25  21:05   3:14   2:29 
Ryan Suter               0  1  1   0  0   2  1  1  0  0  0/0    21:11   3:30   0:11 
Victor Hedman            2  0  2   0  0   2  1  0  0  0  0/0    25:56   3:30   4:56 
William Nylander         0  0  0  -1  0   1  0  0  0  0  8/15   10:53   0:00   0:00 
Xavier Ouellet           0  0  0  -1  2   0  1  1  0  0  0/0    12:18   0:00   0:00 

3 Stars

1 - Victor Hedman (PIT)
2 - Ryan OReilly (ANA)
3 - Mark Scheifele (ANA)

Power Play

Ducks - 0 on 4 Attempt(s) - 0.00%
Penguins - 2 on 5 Attempt(s) - 40.00%

Penalty Kill

Ducks - 3 on 5 Attempt(s) - 60.00% - Score 0 goal in Penalty Kill
Penguins - 4 on 4 Attempt(s) - 100.00% - Score 0 goal in Penalty Kill

Team Stat

Ducks - Hits : 12 - Faceoff Wins : 52 - Blocked Shots : 9 - Penalty Minutes : 10
Penguins - Hits : 23 - Faceoff Wins : 58 - Blocked Shots : 6 - Penalty Minutes : 8

Official

Referees : Dean Morton and Evgeny Romasko
Linesman : Brandon Gawryletz and Darren Gibbs

Game Notes

Ryan OReilly has scored in a empty net!

Finance

Level 1 -- Attendance: 6255 (96.23%) -- Ticket Income $688,050
Level 2 -- Attendance: 4491 (89.82%) -- Ticket Income $359,280
Level 3 -- Attendance: 2710 (77.43%) -- Ticket Income $176,150
Level 4 -- Attendance: 1915 (80.23%) -- Ticket Income $95,750
Luxury Box -- Attendance: 880 (88.00%) -- Ticket Income $167,200
Game was played at the Consol Energy Center.
Total Attendance: 16251 (88.38%)
Total Ticket Income: $1,486,430
Other Income: $222,964
Total Income: $1,709,394

% Time on Ice - Ducks

Lines # - Real PCT - Wanted PCT - Time Play
Normal Forward
1 - 30% - 30% - 14:00
2 - 29% - 30% - 13:27
3 - 27% - 30% - 12:44
4 - 14% - 10% - 6:34
Normal Defense
1 - 33% - 35% - 15:13
2 - 36% - 35% - 16:40
3 - 32% - 30% - 14:52
4 - 0% - 0% - 0:00
PP Forward
1 - 51% - 55% - 4:02
2 - 49% - 45% - 3:54
PP Defense
1 - 51% - 57% - 4:05
2 - 49% - 43% - 3:51
PK Forward
1 - 76% - 57% - 3:50
2 - 24% - 43% - 1:13
PK Defense
1 - 48% - 57% - 2:26
2 - 52% - 43% - 2:37
PK3 Forward
1 - 0% - 60%
2 - 0% - 40%
PK3 Defense
1 - 0% - 57%
2 - 0% - 43%
44 Forward
1 - 0% - 50%
2 - 0% - 50%
44 Defense
1 - 0% - 50%
2 - 0% - 50%
Last Minute Offensive  - 0:00
Last Minute Defensive  - 0:16
Total
Forward - 60:00
Defense - 60:00

% Time on Ice - Penguins

Lines # - Real PCT - Wanted PCT - Time Play
Normal Forward
1 - 32% - 33% - 15:06
2 - 35% - 33% - 16:08
3 - 23% - 23% - 10:53
4 - 10% - 11% - 4:38
Normal Defense
1 - 37% - 40% - 17:14
2 - 36% - 35% - 16:58
3 - 26% - 25% - 12:19
4 - 0% - 0% - 0:14
PP Forward
1 - 64% - 60% - 3:14
2 - 36% - 40% - 1:49
PP Defense
1 - 69% - 60% - 3:30
2 - 31% - 40% - 1:33
PK Forward
1 - 69% - 60% - 5:27
2 - 31% - 40% - 2:29
PK Defense
1 - 58% - 60% - 4:36
2 - 42% - 40% - 3:20
PK3 Forward
1 - 0% - 60%
2 - 0% - 40%
PK3 Defense
1 - 0% - 60%
2 - 0% - 40%
44 Forward
1 - 0% - 60%
2 - 0% - 40%
44 Defense
1 - 0% - 60%
2 - 0% - 40%
Last Minute Offensive  - 0:16
Last Minute Defensive  - 0:00
Total
Forward - 60:00
Defense - 60:00

Play by Play

1st period


0:01 of 1st period - Ryan Getzlaf wins face-off versus Claude Giroux in neutral zone.
0:32 of 1st period - Shot by Gabriel Landeskog.
0:32 of 1st period - Shot Misses the Net.
0:44 of 1st period - Shot by Erik Johnson.
0:44 of 1st period - Stopped by Connor Hellebuyck without a rebound.
0:45 of 1st period - Ryan OReilly wins face-off versus Alexander Wennberg in Penguins zone.
0:54 of 1st period - Shot by Ryan OReilly.
0:54 of 1st period - Stopped by Connor Hellebuyck with a rebound.
0:56 of 1st period - Shot by Blake Comeau.
0:56 of 1st period - Goal by Blake Comeau - Ducks : 1 - Penguins : 0.
0:57 of 1st period - Mark Scheifele wins face-off versus William Nylander in neutral zone.
1:16 of 1st period - Brandon Dubinsky is hit by David Perron and loses puck.
1:36 of 1st period - Icing by Colton Parayko.
1:37 of 1st period - Alexander Wennberg wins face-off versus Mark Scheifele in Ducks zone.
1:40 of 1st period - Shot by Brandon Saad.
1:40 of 1st period - Shot Blocked by Colton Parayko.
2:20 of 1st period - Shot by Ryan OReilly.
2:20 of 1st period - Deflect By Boone Jenner.
2:20 of 1st period - Stopped by Connor Hellebuyck without a rebound.
2:21 of 1st period - Luke Glendening wins face-off versus Mikhail Grigorenko in Penguins zone.
2:33 of 1st period - Off-side.
2:34 of 1st period - Claude Giroux wins face-off versus Ryan Getzlaf in neutral zone.
2:39 of 1st period - Shot by Claude Giroux.
2:39 of 1st period - Shot Misses the Net.
2:49 of 1st period - Shot by Gabriel Landeskog.
2:49 of 1st period - Stopped by Semyon Varlamov without a rebound.
2:50 of 1st period - Luke Glendening wins face-off versus Ryan OReilly in Ducks zone.
2:54 of 1st period - Icing by Andrei Markov.
2:55 of 1st period - Ryan OReilly wins face-off versus Alexander Wennberg in Ducks zone.
3:03 of 1st period - Icing by Ryan OReilly.
3:04 of 1st period - William Nylander wins face-off versus Ryan OReilly in Ducks zone.
3:09 of 1st period - Shot by William Nylander.
3:09 of 1st period - Shot Misses the Net.
3:19 of 1st period - Shot by Blake Comeau.
3:19 of 1st period - Shot Misses the Net.
3:30 of 1st period - Icing by David Savard.
3:31 of 1st period - Mikhail Grigorenko wins face-off versus William Nylander in Penguins zone.
3:50 of 1st period - Shot by William Nylander.
3:50 of 1st period - Stopped by Semyon Varlamov with a rebound.
4:28 of 1st period - Shot by Gabriel Landeskog.
4:28 of 1st period - Deflect By Ryan Getzlaf.
4:28 of 1st period - Shot Misses the Net.
4:36 of 1st period - Shot by Gabriel Landeskog.
4:36 of 1st period - Stopped by Semyon Varlamov without a rebound.
4:37 of 1st period - Claude Giroux wins face-off versus Alexander Wennberg in Ducks zone.
4:49 of 1st period - Icing by Andrei Markov.
4:50 of 1st period - Claude Giroux wins face-off versus Luke Glendening in Ducks zone.
4:57 of 1st period - Shot by Wayne Simmonds.
4:57 of 1st period - Stopped by Connor Hellebuyck with a rebound.
4:59 of 1st period - Shot by Bobby Ryan.
4:59 of 1st period - Stopped by Connor Hellebuyck without a rebound.
5:00 of 1st period - Alexander Wennberg wins face-off versus Mark Scheifele in Penguins zone.
5:40 of 1st period - Shot by Brandon Dubinsky.
5:40 of 1st period - Stopped by Connor Hellebuyck without a rebound.
5:41 of 1st period - Ryan Getzlaf wins face-off versus Ryan OReilly in Penguins zone.
5:48 of 1st period - Boone Jenner is hit by Ryan Getzlaf and loses puck.
5:54 of 1st period - Aaron Ekblad is hit by Ryan Getzlaf and loses puck.
6:04 of 1st period - Shot by Ryan OReilly.
6:04 of 1st period - Shot Misses the Net.
6:15 of 1st period - Ryan OReilly is hit by Dmitry Kulikov and loses puck.
6:33 of 1st period - Off-side.
6:34 of 1st period - Luke Glendening wins face-off versus Claude Giroux in neutral zone.
6:48 of 1st period - Shot by Oliver Bjorkstrand.
6:48 of 1st period - Stopped by Semyon Varlamov without a rebound.
6:49 of 1st period - Alexander Wennberg wins face-off versus Mark Scheifele in Ducks zone.
7:12 of 1st period - Shot by Alexander Wennberg.
7:12 of 1st period - Stopped by Semyon Varlamov without a rebound.
7:13 of 1st period - Luke Glendening wins face-off versus Claude Giroux in Ducks zone.
7:15 of 1st period - Oliver Bjorkstrand is hit by Erik Johnson and loses puck.
7:25 of 1st period - Minor Penalty to Erik Johnson for Roughing.
7:26 of 1st period - Ryan Getzlaf wins face-off versus Brandon Dubinsky in Ducks zone.
7:43 of 1st period - Shot by Victor Hedman.
7:43 of 1st period - Goal by Victor Hedman - Ducks : 1 - Penguins : 1.
7:44 of 1st period - Claude Giroux wins face-off versus Alexander Wennberg in neutral zone.
8:09 of 1st period - Shot by Brandon Saad.
8:09 of 1st period - Deflect By Jakub Voracek.
8:09 of 1st period - Shot Misses the Net.
8:23 of 1st period - Shot by Jakub Voracek.
8:23 of 1st period - Stopped by Semyon Varlamov without a rebound.
8:24 of 1st period - Ryan OReilly wins face-off versus Nathan MacKinnon in Ducks zone.
8:24 of 1st period - Aaron Ekblad is hit by Ryan Getzlaf and loses puck.
9:02 of 1st period - Shot by Boone Jenner.
9:02 of 1st period - Stopped by Connor Hellebuyck without a rebound.
9:03 of 1st period - William Nylander wins face-off versus Pascal Dupuis in Penguins zone.
10:10 of 1st period - Shot by Claude Giroux.
10:10 of 1st period - Goal by Claude Giroux - Ducks : 2 - Penguins : 1.
10:11 of 1st period - Ryan OReilly wins face-off versus Ryan Getzlaf in neutral zone.
10:35 of 1st period - Off-side.
10:36 of 1st period - Luke Glendening wins face-off versus Claude Giroux in neutral zone.
10:56 of 1st period - Icing by Matt Hunwick.
10:57 of 1st period - Luke Glendening wins face-off versus Mikhail Grigorenko in Penguins zone.
10:57 of 1st period - Luke Glendening is hit by Eric Nystrom.
11:02 of 1st period - David Savard is hit by Antoine Roussel and loses puck.
11:07 of 1st period - Eric Nystrom is hit by Luke Glendening.
11:15 of 1st period - Shot by Mikhail Grigorenko.
11:15 of 1st period - Stopped by Connor Hellebuyck without a rebound.
11:16 of 1st period - Alexander Wennberg wins face-off versus Claude Giroux in Penguins zone.
11:31 of 1st period - Shot by Jakub Voracek.
11:31 of 1st period - Shot Blocked by Erik Johnson.
11:33 of 1st period - Shot by Brandon Saad.
11:33 of 1st period - Goal by Brandon Saad - Ducks : 2 - Penguins : 2.
11:34 of 1st period - Ryan Getzlaf wins face-off versus Ryan OReilly in neutral zone.
11:47 of 1st period - Shot by Ryan Getzlaf.
11:47 of 1st period - Stopped by Semyon Varlamov without a rebound.
11:48 of 1st period - Mark Scheifele wins face-off versus William Nylander in Ducks zone.
12:08 of 1st period - Icing by Mark Scheifele.
12:09 of 1st period - Mark Scheifele wins face-off versus Alexander Wennberg in Ducks zone.
12:18 of 1st period - Icing by Jakub Voracek.
12:19 of 1st period - Claude Giroux wins face-off versus Alexander Wennberg in Penguins zone.
12:32 of 1st period - Icing by Matt Hunwick.
12:33 of 1st period - Alexander Wennberg wins face-off versus Ryan OReilly in Penguins zone.
12:35 of 1st period - Icing by Jakub Voracek.
12:36 of 1st period - Alexander Wennberg wins face-off versus Ryan OReilly in Penguins zone.
13:15 of 1st period - Shot by Ryan OReilly.
13:15 of 1st period - Stopped by Connor Hellebuyck without a rebound.
13:16 of 1st period - Claude Giroux wins face-off versus Ryan Getzlaf in Penguins zone.
14:17 of 1st period - Shot by Mark Scheifele.
14:17 of 1st period - Shot Misses the Net.
14:21 of 1st period - Shot by Brandon Dubinsky.
14:21 of 1st period - Stopped by Connor Hellebuyck without a rebound.
14:22 of 1st period - Mikhail Grigorenko wins face-off versus William Nylander in Penguins zone.
15:01 of 1st period - Shot by William Nylander.
15:01 of 1st period - Shot Misses the Net.
15:03 of 1st period - Shot by Dmitry Kulikov.
15:03 of 1st period - Shot Misses the Net.
15:50 of 1st period - Off-side.
15:51 of 1st period - Brandon Dubinsky wins face-off versus Luke Glendening in neutral zone.
15:51 of 1st period - Travis Hamonic is hit by Luke Glendening.
16:16 of 1st period - Aaron Ekblad is hit by Luke Glendening and loses puck.
16:18 of 1st period - Minor Penalty to Luke Glendening for Delaying the game.
16:19 of 1st period - Claude Giroux wins face-off versus Nathan MacKinnon in Penguins zone.
16:37 of 1st period - Wayne Simmonds is hit by Dmitry Kulikov and loses puck.
16:40 of 1st period - Shot by Aaron Ekblad.
16:40 of 1st period - Stopped by Connor Hellebuyck without a rebound.
16:41 of 1st period - Nathan MacKinnon wins face-off versus Mark Scheifele in Penguins zone.
16:54 of 1st period - Shot by Mark Scheifele.
16:54 of 1st period - Shot Misses the Net.
17:32 of 1st period - Shot by Bobby Ryan.
17:32 of 1st period - Stopped by Connor Hellebuyck without a rebound.
17:33 of 1st period - Claude Giroux wins face-off versus Pavel Zacha in Penguins zone.
17:58 of 1st period - Shot by Claude Giroux.
17:58 of 1st period - Shot Hit the Post.
18:00 of 1st period - Shot by Wayne Simmonds.
18:00 of 1st period - Deflect By Bobby Ryan.
18:00 of 1st period - Shot Blocked by David Savard.
18:02 of 1st period - Shot by Wayne Simmonds.
18:02 of 1st period - Stopped by Connor Hellebuyck without a rebound.
18:03 of 1st period - Nathan MacKinnon wins face-off versus Mark Scheifele in Penguins zone.
18:12 of 1st period - Off-side.
18:13 of 1st period - Mark Scheifele wins face-off versus Nathan MacKinnon in neutral zone.
18:21 of 1st period - Icing by David Savard.
18:22 of 1st period - Ryan OReilly wins face-off versus Alexander Wennberg in Penguins zone.
18:25 of 1st period - Shot by Blake Comeau.
18:25 of 1st period - Stopped by Connor Hellebuyck without a rebound.
18:26 of 1st period - Ryan OReilly wins face-off versus Alexander Wennberg in Penguins zone.
Goals for this period are 2 for Ducks vs 2 for Penguins.
Shots for this period are 16 for Ducks vs 9 for Penguins.

2nd period


0:01 of 2nd period - Gabriel Landeskog wins face-off versus Bobby Ryan in neutral zone.
0:09 of 2nd period - Shot by Gabriel Landeskog.
0:09 of 2nd period - Stopped by Semyon Varlamov without a rebound.
0:10 of 2nd period - William Nylander wins face-off versus Mark Scheifele in Ducks zone.
0:10 of 2nd period - David Perron is hit by Willie Mitchell and loses puck.
0:23 of 2nd period - Shot by Matt Hunwick.
0:23 of 2nd period - Shot Misses the Net.
0:25 of 2nd period - Shot by David Perron.
0:25 of 2nd period - Stopped by Semyon Varlamov without a rebound.
0:26 of 2nd period - Ryan Getzlaf wins face-off versus Claude Giroux in Ducks zone.
0:42 of 2nd period - Victor Hedman is hit by Travis Hamonic and loses puck.
0:49 of 2nd period - Shot by Ryan Getzlaf.
0:49 of 2nd period - Shot Misses the Net.
0:51 of 2nd period - Shot by Ryan Getzlaf.
0:51 of 2nd period - Shot Misses the Net.
0:53 of 2nd period - Shot by Ryan Suter.
0:53 of 2nd period - Stopped by Semyon Varlamov without a rebound.
0:54 of 2nd period - William Nylander wins face-off versus Mark Scheifele in Ducks zone.
1:32 of 2nd period - Shot by Ryan Callahan.
1:32 of 2nd period - Shot Misses the Net.
2:11 of 2nd period - Off-side.
2:12 of 2nd period - Alexander Wennberg wins face-off versus Boone Jenner in neutral zone.
2:27 of 2nd period - Shot by Jakub Voracek.
2:27 of 2nd period - Stopped by Semyon Varlamov without a rebound.
2:28 of 2nd period - Ryan Getzlaf wins face-off versus Mikhail Grigorenko in Ducks zone.
2:52 of 2nd period - Shot by Antoine Roussel.
2:52 of 2nd period - Shot Misses the Net.
2:54 of 2nd period - Shot by Mikhail Grigorenko.
2:54 of 2nd period - Stopped by Connor Hellebuyck without a rebound.
2:55 of 2nd period - Bobby Ryan wins face-off versus Alexander Wennberg in Penguins zone.
2:55 of 2nd period - Bobby Ryan is hit by Xavier Ouellet.
2:59 of 2nd period - Shot by Wayne Simmonds.
2:59 of 2nd period - The goal is going for a video replay.
2:59 of 2nd period - The goal is refused.
3:00 of 2nd period - Alexander Wennberg wins face-off versus Bobby Ryan in Penguins zone.
3:00 of 2nd period - Alexander Wennberg is hit by Wayne Simmonds.
3:09 of 2nd period - Alexander Wennberg is hit by Willie Mitchell and loses puck.
3:27 of 2nd period - Shot by Bobby Ryan.
3:27 of 2nd period - Deflect By Wayne Simmonds.
3:27 of 2nd period - Stopped by Connor Hellebuyck with a rebound.
3:29 of 2nd period - Shot by Bobby Ryan.
3:29 of 2nd period - Stopped by Connor Hellebuyck without a rebound.
3:30 of 2nd period - Mark Scheifele wins face-off versus Ryan Getzlaf in Penguins zone.
3:30 of 2nd period - Mark Scheifele is hit by Victor Hedman.
3:39 of 2nd period - Mark Scheifele is hit by Ryan Suter and loses puck.
3:44 of 2nd period - Shot by Mark Scheifele.
3:44 of 2nd period - Shot Blocked by Ryan Suter.
3:46 of 2nd period - Shot by Brandon Dubinsky.
3:46 of 2nd period - Deflect By Mark Scheifele.
3:46 of 2nd period - Stopped by Connor Hellebuyck without a rebound.
3:47 of 2nd period - Blake Comeau wins face-off versus Luke Glendening in Penguins zone.
3:48 of 2nd period - Shot by Ryan OReilly.
3:48 of 2nd period - Stopped by Connor Hellebuyck without a rebound.
3:49 of 2nd period - Ryan Getzlaf wins face-off versus Mark Scheifele in Penguins zone.
4:10 of 2nd period - Shot by Gabriel Landeskog.
4:10 of 2nd period - Stopped by Semyon Varlamov without a rebound.
4:11 of 2nd period - Alexander Wennberg wins face-off versus Claude Giroux in Ducks zone.
4:28 of 2nd period - Shot by Wayne Simmonds.
4:28 of 2nd period - Stopped by Connor Hellebuyck without a rebound.
4:29 of 2nd period - William Nylander wins face-off versus Ryan OReilly in Penguins zone.
4:29 of 2nd period - William Nylander is hit by Blake Comeau.
4:42 of 2nd period - Icing by Aaron Ekblad.
4:43 of 2nd period - Ryan OReilly wins face-off versus Luke Glendening in Ducks zone.
5:00 of 2nd period - Shot by Boone Jenner.
5:00 of 2nd period - Stopped by Connor Hellebuyck with a rebound.
5:08 of 2nd period - Shot by Blake Comeau.
5:08 of 2nd period - Shot Misses the Net.
5:10 of 2nd period - Shot by Ryan OReilly.
5:10 of 2nd period - Shot Misses the Net.
5:12 of 2nd period - Shot by Aaron Ekblad.
5:12 of 2nd period - Shot Misses the Net.
5:18 of 2nd period - Shot by Ryan OReilly.
5:18 of 2nd period - Stopped by Connor Hellebuyck without a rebound.
5:19 of 2nd period - Ryan Getzlaf wins face-off versus Mark Scheifele in Penguins zone.
5:46 of 2nd period - Gabriel Landeskog is hit by Colton Parayko and loses puck.
6:13 of 2nd period - Colton Parayko is hit by Alexander Wennberg and loses puck.
7:00 of 2nd period - Minor Penalty to David Savard for Diving.
7:01 of 2nd period - Luke Glendening wins face-off versus Mikhail Grigorenko in Penguins zone.
7:18 of 2nd period - Icing by Andrei Markov.
7:19 of 2nd period - Ryan OReilly wins face-off versus Luke Glendening in Ducks zone.
7:19 of 2nd period - Ryan OReilly is hit by Ryan Callahan.
7:47 of 2nd period - Shot by Ryan OReilly.
7:47 of 2nd period - Shot Blocked by Matt Hunwick.
7:49 of 2nd period - Shot by Erik Johnson.
7:49 of 2nd period - Stopped by Connor Hellebuyck without a rebound.
7:50 of 2nd period - Claude Giroux wins face-off versus Ryan Getzlaf in Penguins zone.
7:55 of 2nd period - Shot by Colton Parayko.
7:55 of 2nd period - Shot Misses the Net.
7:57 of 2nd period - Shot by Aaron Ekblad.
7:57 of 2nd period - Stopped by Connor Hellebuyck without a rebound.
7:58 of 2nd period - Claude Giroux wins face-off versus Luke Glendening in Penguins zone.
8:35 of 2nd period - Wayne Simmonds is hit by Ryan Getzlaf and loses puck.
9:05 of 2nd period - Off-side.
9:06 of 2nd period - Antoine Roussel wins face-off versus William Nylander in neutral zone.
9:20 of 2nd period - Minor Penalty to David Perron for Charging.
9:21 of 2nd period - Luke Glendening wins face-off versus Mark Scheifele in Penguins zone.
10:26 of 2nd period - Shot by Aaron Ekblad.
10:26 of 2nd period - Stopped by Connor Hellebuyck without a rebound.
10:27 of 2nd period - Luke Glendening wins face-off versus Claude Giroux in Penguins zone.
11:27 of 2nd period - Icing by Jakub Voracek.
11:28 of 2nd period - Mikhail Grigorenko wins face-off versus Alexander Wennberg in Penguins zone.
12:29 of 2nd period - Ryan Getzlaf is hit by Boone Jenner and loses puck.
13:02 of 2nd period - Shot by Gabriel Landeskog.
13:02 of 2nd period - Shot Misses the Net.
13:04 of 2nd period - Shot by Matt Hunwick.
13:04 of 2nd period - Stopped by Semyon Varlamov without a rebound.
13:05 of 2nd period - William Nylander wins face-off versus Claude Giroux in Ducks zone.
14:16 of 2nd period - Off-side.
14:17 of 2nd period - Gabriel Landeskog wins face-off versus Mikhail Grigorenko in neutral zone.
14:29 of 2nd period - Antoine Roussel is hit by David Savard and loses puck.
14:43 of 2nd period - Off-side.
14:44 of 2nd period - Mark Scheifele wins face-off versus Alexander Wennberg in neutral zone.
14:57 of 2nd period - Shot by Mark Scheifele.
14:57 of 2nd period - Goal by Mark Scheifele - Ducks : 3 - Penguins : 2.
14:58 of 2nd period - Ryan OReilly wins face-off versus Luke Glendening in neutral zone.
15:22 of 2nd period - Icing by Matt Hunwick.
15:23 of 2nd period - Claude Giroux wins face-off versus Luke Glendening in Penguins zone.
15:30 of 2nd period - Shot by Claude Giroux.
15:30 of 2nd period - Shot Misses the Net.
15:32 of 2nd period - Shot by Claude Giroux.
15:32 of 2nd period - Stopped by Connor Hellebuyck without a rebound.
15:33 of 2nd period - Ryan Getzlaf wins face-off versus Mark Scheifele in Penguins zone.
16:20 of 2nd period - Icing by Willie Mitchell.
16:21 of 2nd period - Mark Scheifele wins face-off versus Alexander Wennberg in Ducks zone.
16:21 of 2nd period - Mark Scheifele is hit by Alexander Wennberg.
16:40 of 2nd period - Shot by Claude Giroux.
16:40 of 2nd period - Deflect By Wayne Simmonds.
16:40 of 2nd period - Stopped by Connor Hellebuyck with a rebound.
16:42 of 2nd period - Shot by Travis Hamonic.
16:42 of 2nd period - Shot Misses the Net.
16:44 of 2nd period - Shot by Travis Hamonic.
16:44 of 2nd period - Stopped by Connor Hellebuyck without a rebound.
16:45 of 2nd period - William Nylander wins face-off versus Ryan OReilly in Penguins zone.
16:45 of 2nd period - Minor Penalty to Boone Jenner for High sticking.
16:46 of 2nd period - Brandon Dubinsky wins face-off versus Ryan Getzlaf in Ducks zone.
17:14 of 2nd period - Shot by Nathan MacKinnon.
17:14 of 2nd period - Shot Blocked by Travis Hamonic.
17:16 of 2nd period - Shot by Gabriel Landeskog.
17:16 of 2nd period - Stopped by Semyon Varlamov without a rebound.
17:17 of 2nd period - Brandon Dubinsky wins face-off versus Alexander Wennberg in Ducks zone.
17:17 of 2nd period - Brandon Dubinsky is hit by Brandon Saad.
17:28 of 2nd period - Off-side.
17:29 of 2nd period - Alexander Wennberg wins face-off versus Brandon Dubinsky in neutral zone.
17:32 of 2nd period - Shot by Victor Hedman.
17:32 of 2nd period - Shot Misses the Net.
17:34 of 2nd period - Shot by Ryan Suter.
17:34 of 2nd period - Shot Misses the Net.
18:08 of 2nd period - Shot by Brandon Saad.
18:08 of 2nd period - Shot Blocked by Willie Mitchell.
18:38 of 2nd period - Travis Hamonic is hit by Gabriel Landeskog and loses puck.
18:54 of 2nd period - Icing by Travis Hamonic.
18:55 of 2nd period - Luke Glendening wins face-off versus Claude Giroux in Ducks zone.
19:06 of 2nd period - Shot by Luke Glendening.
19:06 of 2nd period - Stopped by Semyon Varlamov without a rebound.
19:07 of 2nd period - Ryan Getzlaf wins face-off versus Ryan OReilly in Ducks zone.
19:14 of 2nd period - Shot by Ryan Getzlaf.
19:14 of 2nd period - Shot Blocked by Andrei Markov.
19:17 of 2nd period - Icing by Erik Johnson.
19:18 of 2nd period - Alexander Wennberg wins face-off versus Ryan OReilly in Ducks zone.
19:29 of 2nd period - Shot by Alexander Wennberg.
19:29 of 2nd period - Shot Misses the Net.
19:51 of 2nd period - Shot by Boone Jenner.
19:51 of 2nd period - Shot Misses the Net.
Goals for this period are 1 for Ducks vs 0 for Penguins.
Shots for this period are 16 for Ducks vs 8 for Penguins.

3rd period


0:01 of 3rd period - Ryan Getzlaf wins face-off versus Claude Giroux in neutral zone.
0:17 of 3rd period - Shot by Bobby Ryan.
0:17 of 3rd period - Stopped by Connor Hellebuyck without a rebound.
0:18 of 3rd period - Mark Scheifele wins face-off versus William Nylander in Penguins zone.
0:53 of 3rd period - Shot by David Perron.
0:53 of 3rd period - Shot Blocked by Erik Johnson.
1:37 of 3rd period - Shot by Claude Giroux.
1:37 of 3rd period - Stopped by Connor Hellebuyck without a rebound.
1:38 of 3rd period - Alexander Wennberg wins face-off versus Ryan OReilly in Penguins zone.
1:50 of 3rd period - Shot by Ryan OReilly.
1:50 of 3rd period - Shot Misses the Net.
1:52 of 3rd period - Shot by Ryan OReilly.
1:52 of 3rd period - Shot Misses the Net.
3:49 of 3rd period - Mark Scheifele is hit by David Savard and loses puck.
3:52 of 3rd period - Shot by Pascal Dupuis.
3:52 of 3rd period - Stopped by Connor Hellebuyck with a rebound.
4:41 of 3rd period - Icing by Matt Hunwick.
4:42 of 3rd period - Mikhail Grigorenko wins face-off versus Ryan Callahan in Penguins zone.
5:10 of 3rd period - Icing by Colton Parayko.
5:11 of 3rd period - Mikhail Grigorenko wins face-off versus Jakub Voracek in Ducks zone.
5:38 of 3rd period - Shot by Alexander Wennberg.
5:38 of 3rd period - Shot Hit the Post.
5:48 of 3rd period - Colton Parayko is hit by Jakub Voracek.
6:12 of 3rd period - Shot by Wayne Simmonds.
6:12 of 3rd period - Deflect By Bobby Ryan.
6:12 of 3rd period - Stopped by Connor Hellebuyck without a rebound.
6:13 of 3rd period - Ryan Getzlaf wins face-off versus Ryan OReilly in Penguins zone.
6:20 of 3rd period - Shot by Gabriel Landeskog.
6:20 of 3rd period - Stopped by Semyon Varlamov without a rebound.
6:21 of 3rd period - Gabriel Landeskog wins face-off versus Ryan OReilly in Ducks zone.
6:39 of 3rd period - Minor Penalty to Xavier Ouellet for Cross-checking.
6:40 of 3rd period - Luke Glendening wins face-off versus Bobby Ryan in Penguins zone.
7:00 of 3rd period - Shot by Claude Giroux.
7:00 of 3rd period - Stopped by Connor Hellebuyck without a rebound.
7:01 of 3rd period - Luke Glendening wins face-off versus Mark Scheifele in Penguins zone.
7:27 of 3rd period - Icing by Colton Parayko.
7:28 of 3rd period - Mark Scheifele wins face-off versus Gabriel Landeskog in Ducks zone.
8:10 of 3rd period - Icing by Andrei Markov.
8:11 of 3rd period - Luke Glendening wins face-off versus Claude Giroux in Ducks zone.
8:15 of 3rd period - Ryan Callahan is hit by Andrei Markov and loses puck.
8:37 of 3rd period - Icing by Wayne Simmonds.
8:38 of 3rd period - Luke Glendening wins face-off versus Claude Giroux in Ducks zone.
8:59 of 3rd period - Shot by Antoine Roussel.
8:59 of 3rd period - Stopped by Connor Hellebuyck without a rebound.
9:00 of 3rd period - Ryan OReilly wins face-off versus Ryan Getzlaf in Penguins zone.
9:09 of 3rd period - Shot by Ryan OReilly.
9:09 of 3rd period - Shot Misses the Net.
9:11 of 3rd period - Shot by Blake Comeau.
9:11 of 3rd period - Stopped by Connor Hellebuyck without a rebound.
9:12 of 3rd period - Alexander Wennberg wins face-off versus Claude Giroux in Penguins zone.
9:35 of 3rd period - Shot by Alexander Wennberg.
9:35 of 3rd period - Stopped by Semyon Varlamov without a rebound.
9:36 of 3rd period - Mark Scheifele wins face-off versus Nathan MacKinnon in Ducks zone.
9:58 of 3rd period - Gabriel Landeskog is hit by Brandon Dubinsky and loses puck.
10:25 of 3rd period - Aaron Ekblad is hit by Gabriel Landeskog and loses puck.
11:09 of 3rd period - Shot by Claude Giroux.
11:09 of 3rd period - Stopped by Connor Hellebuyck without a rebound.
11:10 of 3rd period - Ryan OReilly wins face-off versus William Nylander in Penguins zone.
11:31 of 3rd period - Off-side.
11:32 of 3rd period - Luke Glendening wins face-off versus Claude Giroux in neutral zone.
11:54 of 3rd period - Shot by Luke Glendening.
11:54 of 3rd period - Stopped by Semyon Varlamov without a rebound.
11:55 of 3rd period - Blake Comeau wins face-off versus Ryan Getzlaf in Ducks zone.
13:13 of 3rd period - Shot by Alexander Wennberg.
13:13 of 3rd period - Stopped by Semyon Varlamov with a rebound.
13:32 of 3rd period - Off-side.
13:33 of 3rd period - Mark Scheifele wins face-off versus David Perron in neutral zone.
13:42 of 3rd period - Shot by Brandon Dubinsky.
13:42 of 3rd period - Shot Blocked by David Savard.
14:00 of 3rd period - Shot by Mark Scheifele.
14:00 of 3rd period - Shot Misses the Net.
14:02 of 3rd period - Shot by Pascal Dupuis.
14:02 of 3rd period - Shot Blocked by Matt Hunwick.
14:10 of 3rd period - Shot by Pascal Dupuis.
14:10 of 3rd period - Goal by Pascal Dupuis - Ducks : 4 - Penguins : 2.
14:11 of 3rd period - Boone Jenner wins face-off versus Alexander Wennberg in neutral zone.
14:25 of 3rd period - Icing by Jakub Voracek.
14:26 of 3rd period - Claude Giroux wins face-off versus Alexander Wennberg in Penguins zone.
14:59 of 3rd period - Shot by Claude Giroux.
14:59 of 3rd period - Stopped by Connor Hellebuyck without a rebound.
15:00 of 3rd period - Ryan OReilly wins face-off versus Ryan Getzlaf in Penguins zone.
15:06 of 3rd period - Minor Penalty to Blake Comeau for Hooking.
15:07 of 3rd period - Brandon Dubinsky wins face-off versus Ryan Getzlaf in Ducks zone.
15:24 of 3rd period - Shot by Ryan Suter.
15:24 of 3rd period - Stopped by Semyon Varlamov without a rebound.
15:25 of 3rd period - Alexander Wennberg wins face-off versus Brandon Dubinsky in Ducks zone.
15:45 of 3rd period - Shot by Jakub Voracek.
15:45 of 3rd period - Shot Hit the Post.
15:47 of 3rd period - Shot by Alexander Wennberg.
15:47 of 3rd period - Stopped by Semyon Varlamov without a rebound.
15:48 of 3rd period - Brandon Dubinsky wins face-off versus Gabriel Landeskog in Ducks zone.
16:19 of 3rd period - Shot by Ryan Suter.
16:19 of 3rd period - Shot Misses the Net.
16:21 of 3rd period - Shot by Ryan Getzlaf.
16:21 of 3rd period - Shot Misses the Net.
16:29 of 3rd period - Shot by Victor Hedman.
16:29 of 3rd period - Shot Blocked by Erik Johnson.
16:31 of 3rd period - Shot by Ryan Suter.
16:31 of 3rd period - Shot Misses the Net.
16:33 of 3rd period - Shot by Victor Hedman.
16:33 of 3rd period - Shot Misses the Net.
17:14 of 3rd period - Shot by David Perron.
17:14 of 3rd period - Stopped by Semyon Varlamov with a rebound.
17:24 of 3rd period - Shot by Boone Jenner.
17:24 of 3rd period - Shot Misses the Net.
17:26 of 3rd period - Shot by Ryan OReilly.
17:26 of 3rd period - Shot Misses the Net.
17:28 of 3rd period - Shot by Travis Hamonic.
17:28 of 3rd period - Shot Misses the Net.
17:32 of 3rd period - Shot by Ryan OReilly.
17:32 of 3rd period - Shot Blocked by Xavier Ouellet.
17:34 of 3rd period - Shot by Boone Jenner.
17:34 of 3rd period - Stopped by Connor Hellebuyck without a rebound.
17:35 of 3rd period - Claude Giroux wins face-off versus Luke Glendening in Penguins zone.
17:39 of 3rd period - Wayne Simmonds is hit by David Savard.
18:27 of 3rd period - Minor Penalty to Willie Mitchell for Slashing.
18:28 of 3rd period - Brandon Dubinsky wins face-off versus Ryan Getzlaf in Ducks zone.
18:47 of 3rd period - Shot by Ryan Suter.
18:47 of 3rd period - Shot Blocked by Andrei Markov.
18:49 of 3rd period - Shot by Victor Hedman.
18:49 of 3rd period - Goal by Victor Hedman - Ducks : 4 - Penguins : 3.
18:50 of 3rd period - Alexander Wennberg wins face-off versus Ryan OReilly in neutral zone.
19:01 of 3rd period - Penguins, Connor Hellebuyck is pulled from the net.
19:01 of 3rd period - Shot by Alexander Wennberg.
19:01 of 3rd period - Shot Blocked by Aaron Ekblad.
19:13 of 3rd period - Shot by Brandon Saad.
19:13 of 3rd period - Stopped by Semyon Varlamov without a rebound.
19:14 of 3rd period - Nathan MacKinnon wins face-off versus Ryan OReilly in Ducks zone.
19:17 of 3rd period - Shot by Ryan Suter.
19:17 of 3rd period - Shot Misses the Net.
19:27 of 3rd period - Shot by Ryan OReilly.
19:27 of 3rd period - Shot Misses the Net.
19:29 of 3rd period - Shot by Ryan OReilly.
19:29 of 3rd period - Goal by Ryan OReilly - Ducks : 5 - Penguins : 3.
19:29 of 3rd period - Connor Hellebuyck from Penguins was sent back in the game.
19:30 of 3rd period - William Nylander wins face-off versus Claude Giroux in neutral zone.
19:34 of 3rd period - Minor Penalty to Wayne Simmonds for Slashing.
19:35 of 3rd period - Ryan Getzlaf wins face-off versus Brandon Dubinsky in Ducks zone.
19:53 of 3rd period - Icing by Gabriel Landeskog.
19:54 of 3rd period - Ryan Getzlaf wins face-off versus Brandon Dubinsky in Penguins zone.
Goals for this period are 2 for Ducks vs 1 for Penguins.
Shots for this period are 12 for Ducks vs 9 for Penguins.